 Dungeon Crawl Stone Soup version 0.30-a0-1160-g6e42c06551 (webtiles) character file.

Game seed: 18118847470546582892

178 qeuew the Digger (level 5, -1/30 HPs)
             Began as a Gargoyle Earth Elementalist on Apr 25, 2023.
             Slain by an orc
             ... wielding a +0 club
              (5 damage)
             ... on level 3 of the Dungeon.
             The game lasted 00:05:15 (2215 turns).

qeuew the Digger (Gargoyle Earth Elementalist)      Turns: 2215, Time: 00:05:15

Health: -1/30      AC:  8    Str: 13      XL:     5   Next: 58%
Magic:  3/8        EV: 12    Int: 14 (16) God:
Gold:   189        SH:  0    Dex:  8 (10) Spells: 4/8 levels left

rFire   + . .        f - +0 club
rCold   . . .        (no shield)
rNeg    + . .        a - +0 robe
rPois   ∞            (helmet restricted)
rElec   +            (no cloak)
rCorr   .            (no gloves)
SInv    .            (no boots)
Will    .....        (no amulet)
Stlth   ++           n - ring of protection from fire
HPRegen 0.25/turn    (no ring)
MPRegen 0.11/turn

%: no passive effects
@: mighty
A: sickness immunity, AC +4, negative energy resistance 1, electricity
resistance, torment resistance 1, petrification resistance, horns 1, iridescent
scales 1, mutation resistance 1
a: no special abilities


You were on level 3 of the Dungeon.
You visited 1 branch of the dungeon, and saw 4 of its levels.

You collected 189 gold pieces.

Inventory:

Hand Weapons
 f - a +0 club (weapon)
Armour
 a - a +0 robe (worn)
Jewellery
 h - the amulet of Elemental Vulnerability {rPois rF-- rC-- AC+8}
   (You found it on level 3 of the Dungeon)

   [amulet of nothing]

   AC:        It affects your AC (+8).
   rF:        It makes you very vulnerable to fire.
   rC:        It makes you very vulnerable to cold.
   rPois:     It protects you from poison.
 n - a ring of protection from fire (left hand)
Wands
 i - a wand of paralysis (3)
Scrolls
 c - a scroll of magic mapping
 d - a scroll of identify
 e - 4 scrolls of fear
Potions
 b - 2 potions of magic
 l - a potion of haste
 m - a potion of flight
 o - a potion of mutation


   Skills:
 + Level 2.0 Fighting
 + Level 1.1 Maces & Flails
 * Level 2.5 Armour
 + Level 2.0 Dodging
 - Level 2.1 Stealth
 + Level 2.4 Spellcasting
 + Level 0.8 Conjurations
 - Level 0.7 Transmutations
 * Level 4.9 Earth Magic


You had 4 spell levels left.
You knew the following spells:

 Your Spells              Type           Power      Damage    Failure   Level
a - Sandblast             Erth           30%        2d9       3%          1
b - Stone Arrow           Conj/Erth      18%        3d8       22%         3

Your spell library contained the following spells:

 Spells                   Type           Power      Damage    Failure   Level
 Passwall                 Tmut/Erth      7%         N/A       11%         2
 Beastly Appendage        Tmut           6%         N/A       17%         1
 Necrotise                Necr           4%         1d4       22%         1
 Wereblood                Tmut           3%         N/A       26%         2
 Poisonous Vapours        Pois/Air       2%         N/A       34%         2
 Mephitic Cloud           Conj/Pois/Air  2%         N/A       52%         3
 Spider Form              Tmut/Pois      2%         N/A       52%         3
 Vampiric Draining        Necr           1%         2d6       56%         3
 Vhi's Electric Charge    Tloc/Air       2%         N/A       56%         3
 Petrify                  Tmut/Erth      9%         N/A       58%         4
 Agony                    Necr           1%         N/A       99%         5
 Arcjolt                  Conj/Air       1%         1d11      99%         5
 Freezing Cloud           Conj/Ice/Air   1%         6-21      99%         5
 Plasma Beam              Fire/Air       0%         2x1d11    100%        6


Dungeon Overview and Level Annotations

Branches:
Dungeon (4/15)
 Temple: D:4-7

Altars:
Fedhas


Innate Abilities, Weirdness & Mutations

You are immune to sickness and miasma.
Your stone body is resilient. (AC +4)
You are immune to poison.
You resist negative energy. (rN+)
You are resistant to electric shocks. (rElec)
You are resistant to unholy torment.
You are immune to petrification.
You have a pair of small horns on your head.
You are partially covered in iridescent scales. (AC +2)
You are somewhat resistant to further mutation.


Message History

The orc is moderately wounded.
The orc hits you but does no damage. The hobgoblin hits you.
* * * LOW HITPOINT WARNING * * *
Something hits you but does no damage. The orc hits you with a +0 club.
* * * LOW HITPOINT WARNING * * *
The hobgoblin misses you.
You hear some strange, mumbled words.
A puff of flame appears from out of thin air!
The puff of flame hits you. You resist.
* * * LOW HITPOINT WARNING * * *
Your magical contamination has completely faded away.
You feel better. The orc hits you with a +0 club.
The hobgoblin hits you but does no damage.
Something hits you.
* * * LOW HITPOINT WARNING * * *
You feel very mighty all of a sudden. The orc hits you with a +0 club.
* * * LOW HITPOINT WARNING * * *
The hobgoblin barely misses you. Something hits you but does no damage.
You miss something. The orc hits you but does no damage.
The hobgoblin barely misses you. Something hits you but does no damage.
You completely miss something. The orc closely misses you.
The hobgoblin closely misses you. Something hits you but does no damage.
You miss something. The orc hits you with a +0 club.
* * * LOW HITPOINT WARNING * * *
The hobgoblin closely misses you. Something hits you but does no damage.
You sock something! The orc hits you but does no damage.
The hobgoblin hits you but does no damage.
Something hits you.
* * * LOW HITPOINT WARNING * * *
The orc misses you. The hobgoblin barely misses you.
Something hits you but does no damage.
You miss something. Your headbutt misses something. The orc closely misses you.
The hobgoblin misses you. Something hits you.
* * * LOW HITPOINT WARNING * * *
You miss something. Your headbutt misses something.
An orc wizard appears from thin air!
Reactivating autopickup.
The orc hits you with a +0 club.
You die...

#....# #.##.# #.##.#
############# #.##.#
............###### #.##.####
..##...####.##...###.##....#
.....#.# #.#....#.#.#####.#
#.#..#.####.#....#.#.......#
...............o@o.#......##
.......#####...g.#........#
##.#..............###.....#
##.#########..............#
...#########..##..###.....#
.##................##.....#
.##.##########.#...##.....#
.##....# #........#.....#
.#####.# #.#...#........#


You could see an orc wizard, an orc and a hobgoblin.

Vanquished Creatures
  An orc wizard (D:4)
  A hound zombie (D:2)
  4 adders
  5 adder skeletons (D:2)
  4 adder zombies (D:2)
  A worm (D:3)
  A dart slug (D:1)
  5 orcs (D:4)
  5 endoplasms
  3 giant cockroaches
  2 goblins
  6 hobgoblins
  4 quokkas
  8 ball pythons
  2 ball python zombies (D:2)
  6 bats
  4 frilled lizards
  2 kobolds
  7 rats
71 creatures vanquished.

Vanquished Creatures (others)
  4 withered plants (D:2)
4 creatures vanquished.

Grand Total: 75 creatures vanquished

Notes
Turn   | Place    | Note
-------+----------+-------------------------------------------
     0 | D:1      | qeuew the Gargoyle Earth Elementalist began the quest for
                  | the Orb.
     0 | D:1      | Reached XP level 1. HP: 10/10 MP: 3/3
   132 | D:1      | Reached XP level 2. HP: 16/16 MP: 0/5
   300 | D:1      | Reached skill level 1 in Armour
   365 | D:1      | Reached skill level 4 in Earth Magic
   385 | D:1      | Reached skill level 1 in Fighting
   567 | D:1      | Reached XP level 3. HP: 20/20 MP: 3/6
   656 | D:1      | Gained mutation: You have a pair of small horns on your
                  | head. [potion of mutation]
   656 | D:1      | Gained mutation: You are partially covered in iridescent
                  | scales. (AC +2) [potion of mutation]
   656 | D:1      | Gained mutation: You are somewhat resistant to further
                  | mutation. [potion of mutation]
   908 | D:2      | Reached XP level 4. HP: 25/25 MP: 5/7
  1526 | D:2      | Learned a level 3 spell: Stone Arrow
  1582 | D:3      | Reached XP level 5. HP: 30/30 MP: 4/8
  1840 | D:3      | Found the amulet of Elemental Vulnerability {rPois rF--
                  | rC-- AC+8}
  1841 | D:3      | Found a blossoming altar of Fedhas.
  2030 | D:3      | Paralysed by a goblin for 2 turns
  2184 | D:4      | Reached skill level 1 in Maces & Flails
  2207 | D:3      | HP: 1/30 [something/puff of flame (3)]
  2215 | D:3      | Slain by an orc

Illustrated notes

Levels and vault maps discovered:
D:1:      dpeg_arrival_arbitrary_b, layout_basic, dreamdust_wishing_well
D:2:      layout_rooms, serial_undead, serial_undead_d, serial_undead_c,
          serial_undead_e, serial_undead_f, serial_undead_f, serial_undead_f,
          serial_undead_f, uniq_crazy_yiuf_cottage
D:3:      layout_basic, mainiacjoe_overflow_paths
D:4:      layout_cave_pools, lemuel_tele_altar

Skill      XL: |  1  2  3  4  5 |
---------------+----------------+-----
Armour         | 1 2 |  2.5
Earth Magic    | 4 |  4.9
Fighting       | 1 2 |  2.0
Dodging        | 2 |  2.0
Maces & Flails | 1 |  1.1
Stealth        | |  2.1
Spellcasting   | |  2.4
Conjurations   | |  0.8
Transmutations | |  0.7

Action                     |  1- 3 |  4- 6 || total
---------------------------+-------+-------++-------
  Melee: Unarmed           |    25 |       ||    25
         Club              |    29 |    38 ||    67
         Headbutt          |     5 |     6 ||    11
   Cast: Sandblast         |    46 |    52 ||    98
    Use: Scroll            |     3 |     7 ||    10
         Potion            |     1 |     6 ||     7
 Armour: Robe              |    51 |    50 ||   101
  Dodge: Dodged            |    87 |    74 ||   161

Table legend: (Time is in decaauts)
 A = Elapsed time spent in this place.
 B = Non-inter-level travel time spent in this place.
 C = Inter-level travel time spent in this place.
 D = Time resting spent in this place.
 E = Time spent auto-exploring this place.
 F = Levels seen in this place.
 G = Mean time per level.
                   A        B        C        D        E       F      G
               +--------+--------+--------+--------+--------+-----+--------+
         Total |   2267 |   2201 |     66 |      0 |   1704 |   4 |  566.8 |
       Dungeon |   2267 |   2201 |     66 |      0 |   1704 |   4 |  566.8 |
               +--------+--------+--------+--------+--------+-----+--------+

Top non-repeatable levels by time:
     D:2: 814 daAuts
     D:1: 791 daAuts
     D:3: 630 daAuts
     D:4: 31 daAuts
